 Dungeon Crawl Stone Soup version 0.28-a0-724-g66f9036eb4 (webtiles) character file.

Game seed: 16913448662273375102

41 ytrimaz the Stinger (level 3, 21/21 HPs)
             Began as an Octopode Venom Mage on Oct 26, 2021.
             Quit the game on level 1 of the Dungeon.
             The game lasted 00:02:06 (1478 turns).

ytrimaz the Stinger (Octopode Venom Mage)           Turns: 1478, Time: 00:02:07

Health: 21/21      AC:  1    Str:  7    XL:     3   Next: 52%
Magic:  3/6        EV: 13    Int: 18    God:
Gold:   58         SH:  0    Dex: 12    Spells: 6/7 levels left

rFire   . . .      SeeInvis .   (no weapon)
rCold   . . .      Faith    .   (no shield)
rNeg    . . .      Spirit   .   (helmet restricted)
rPois   .          Reflect  .   (no amulet)
rElec   .          Harm     .   (no ring)
rCorr   .          Rampage  .   (no ring)
Will    .....                   (no ring)
Stlth   +++.......              (no ring)
HPRegen 0.07/turn               (no ring)
MPRegen 0.10/turn               (no ring)
                                (no ring)
                                (no ring)

@: no status effects
A: almost no armour, amphibious, 8 rings, camouflage 1, gelatinous body 1,
(nimble swimmer 1), tentacles
a: no special abilities


You were on level 1 of the Dungeon.
You visited 1 branch of the dungeon, and saw 1 of its levels.

You collected 58 gold pieces.

Inventory:

Scrolls
 a - a scroll of fog {unknown}


   Skills:
 - Level 2.0 Dodging
 - Level 2.6 Stealth
 + Level 2.5 Spellcasting
 + Level 1.6 Transmutations
 + Level 4.6 Poison Magic


You had 6 spell levels left.
You knew the following spells:

 Your Spells              Type           Power      Damage    Failure   Level
a - Sting                 Tmut/Pois      52%        1d5       4%          1

Your spell library contained the following spells:

 Spells                   Type           Power      Damage    Failure   Level
 Poisonous Vapours        Pois/Air       20%        N/A       10%         2
 Mephitic Cloud           Conj/Pois/Air  7%         N/A       26%         3
 Olgreb's Toxic Radiance  Pois           18%        N/A       26%         4


Dungeon Overview and Level Annotations

Branches:
Dungeon (1/15)

Altars:


Innate Abilities, Weirdness & Mutations

You cannot wear most types of armour.
You are amphibious.
You can wear up to eight rings at the same time.
Your skin changes colour to match your surroundings (Stealth+).
Your rubbery body absorbs attacks. (AC +1, EV +1)
((You are camouflaged near water. (Stealth+)))
You have tentacles for arms and can constrict up to eight enemies at once.


Message History

The sting misses the quokka.
The quokka barely misses you.
A quokka is nearby!
A quokka is nearby!
You barely miss the quokka. Your grab misses the quokka.
The quokka bites you but does no damage.
You miss the quokka. You grab the quokka.
You constrict the quokka, but do no damage.
The quokka bites you.
You completely miss the quokka. You constrict the quokka.
The quokka closely misses you.
Your magical contamination has completely faded away.
You tentacle-slap the quokka but do no damage.
The quokka is moderately wounded.
You constrict the quokka. The quokka closely misses you. The quokka bites you.
You tentacle-slap the quokka.
The quokka is severely wounded.
You constrict the quokka.
The quokka bites you but does no damage.
A quokka is nearby!
You tentacle-slap the quokka.
You kill the quokka!
There is an open door here.
Things that are here:
a +0 dagger; 4 stones A rat comes into view.
A rat is nearby!
A rat is nearby!
A frilled lizard comes into view.
Found a stone staircase leading down.
You can't see any susceptible monsters within range! (Use Z to cast anyway.)
You can't see any susceptible monsters within range! (Use Z to cast anyway.)
You can't see any susceptible monsters within range! (Use Z to cast anyway.)
The frilled lizard hisses angrily.
The sting hits the rat.
The rat is poisoned.
You kill the rat!
The sting misses the frilled lizard.
The sting hits the frilled lizard.
The frilled lizard is poisoned.
You kill the frilled lizard!
Okay, then.
Are you sure you want to abandon this character and quit the game? (Confirm with "yes".)

####### #.....#
###### #.....#
#..... #.....#
#..... #.†...#
#..... #.....#####
#.....
#..@.......?.....###
#.......#......#
#.....>.......
#...#.###.##
##...#+###+###
#.............
#.............
#.............
#....)........


There were no monsters in sight!

Vanquished Creatures
  A gnoll (D:1)
  A dart slug (D:1)
  2 bats (D:1)
  4 endoplasms (D:1)
  A giant cockroach (D:1)
  A goblin (D:1)
  3 hobgoblins (D:1)
  3 jackals (D:1)
  A kobold (D:1)
  A quokka (D:1)
  3 ball pythons (D:1)
  3 frilled lizards (D:1)
  4 rats (D:1)
28 creatures vanquished.

Notes
Turn   | Place    | Note
-------+----------+-------------------------------------------
     0 | D:1      | ytrimaz the Octopode Venom Mage began the quest for the
                  | Orb.
     0 | D:1      | Reached XP level 1. HP: 11/11 MP: 3/3
   109 | D:1      | Reached skill level 4 in Poison Magic
   109 | D:1      | Reached XP level 2. HP: 5/17 MP: 1/5
   659 | D:1      | Reached XP level 3. HP: 21/21 MP: 4/6
   948 | D:1      | Found a faded altar of an unknown god.
  1478 | D:1      | Quit the game

Illustrated notes

Levels and vault maps discovered:
D:1:      dpeg_arrival_short_road, layout_basic,
          hellmonk_ecumenical_altar_blasted, minmay_hexomino_u4

Skill      XL: |  1 |
---------------+----+-----
Poison Magic   | 4 |  4.6
Dodging        | |  2.0
Stealth        | |  2.6
Spellcasting   | |  2.5
Transmutations | |  1.6

Action                   || total
-------------------------++-------
Melee: Unarmed           ||    23
       Constrict         ||     7
       Tentacles         ||     5
 Cast: Sting             ||    40
  Use: Scroll            ||     2
Armor: Skin              ||     5
Dodge: Dodged            ||    29

Table legend: (Time is in decaauts)
 A = Elapsed time spent in this place.
 B = Non-inter-level travel time spent in this place.
 C = Inter-level travel time spent in this place.
 D = Time resting spent in this place.
 E = Time spent auto-exploring this place.
 F = Levels seen in this place.
 G = Mean time per level.
                   A        B        C        D        E       F      G
               +--------+--------+--------+--------+--------+-----+--------+
         Total |   1478 |   1478 |      0 |    202 |   1112 |   1 | 1478.0 |
       Dungeon |   1478 |   1478 |      0 |    202 |   1112 |   1 | 1478.0 |
               +--------+--------+--------+--------+--------+-----+--------+

Top non-repeatable levels by time:
     D:1: 1478 daAuts
